 Dungeon Crawl Stone Soup version 0.26-a0-651-gb41185065b (webtiles) character file.

Game seed: 9764783187364583988

(classic levelgen) 63 EnegeticOcto the Shield-Bearer (level 3, 0/34 HPs)
             Began as a Deep Dwarf Fighter on Oct 13, 2020.
             Killed from afar by an orc wizard (3 damage)
             ... with a magic dart
             ... on level 4 of the Dungeon.
             The game lasted 00:00:16 (209 turns).

EnegeticOcto the Shield-Bearer (Deep Dwarf Fighter)  Turns: 209, Time: 00:00:16

Health: 0/34       AC:  7    Str: 20    XL:     3   Next: 87%
Magic:  2/2        EV:  7    Int:  8    God:
Gold:   5          SH:  9    Dex: 12    Spells: 2/2 levels left

rFire    . . .     SeeInvis .   a - +0 war axe
rCold    . . .     Faith    .   c - +0 kite shield
rNeg     . . .     Spirit   .   b - +0 scale mail
rPois    .         Reflect  .   (no helmet)
rElec    .         Harm     .   (no cloak)
rCorr    .         Rampage  .   (no gloves)
MR       .....                  (no boots)
Stlth    ..........             (no amulet)
HPRegen  0.00/turn              (no ring)
MPRegen  0.08/turn              (no ring)

@: lethally poisoned (0 -> 0), non-regenerating
A: damage resistance, heal wounds, sense surroundings 1, no regeneration
a: Heal Wounds


You were on level 4 of the Dungeon.
You visited 1 branch of the dungeon, and saw 4 of its levels.

You collected 5 gold pieces.

Inventory:

Hand Weapons
 a - a +0 war axe (weapon)
Armour
 b - a +0 scale mail (worn)
 c - a +0 kite shield (worn)
Scrolls
 e - a scroll of magic mapping {unknown}
Potions
 d - a potion of might {@q3}
 f - a potion of degeneration {unknown}
 g - a potion of resistance {unknown}


   Skills:
 + Level 3.1 Fighting
 * Level 3.4 Axes
 + Level 3.7 Armour
 + Level 3.7 Shields


You had 2 spell levels left.
You didn't know any spells.
Your spell library was empty.

Dungeon Overview and Level Annotations

Branches:
Dungeon (4/15)
 Temple: D:4-7

Altars:


Innate Abilities, Weirdness & Mutations

You are resistant to damage.
You can heal yourself by infusing magical energy.
You passively map a small area around you.
You do not regenerate.


Message History

You kill the adder!
You fail to use your ability.
You are no longer poisoned.
You now have 5 gold pieces.
An orc wizard comes into view. It is wielding a +0 dagger.
The orc wizard shouts!
You hear a shout!
An orc wizard is nearby!
An orc wizard is nearby!
A hound, a scorpion and an orc come into view.
The orc shouts!
You hear a bark!
A giant cockroach comes into view.
A jackal comes into view. x2
The hound moves out of view.
You hear a shout!
The jackal barks!
You hear a bark!
A jackal comes into view.
An orc comes into view. It is wielding a -3 dagger.
The jackal moves out of view.
Found a cloak.
Found a stone staircase leading down.
You slash the scorpion!
The scorpion is almost dead.
The scorpion stings you.
You are poisoned.
The scorpion poisons you!
You hit the scorpion.
The scorpion is almost dead.
You slash the hound! The hound barely misses you. The hound bites you.
The scorpion stings you but does no damage.
You block the giant cockroach's attack. The hound barely misses you.
The scorpion barely misses you.
An orc comes into view. It is wielding a +0 mace.
You hit the scorpion.
The scorpion is almost dead.
You hit the giant cockroach.
You kill the giant cockroach!
Your shield prevents you from hitting the hound.
The hound pauses to sniff the ground.
The hound barely misses you.
The orc wizard mumbles some strange words.
The orc wizard seems to speed up.
The scorpion barely misses you. The hound barely misses you.
You barely miss the scorpion.
The scorpion is almost dead.
You hit the hound but do no damage.
You hit the orc wizard but do no damage.
You hit the orc. You block the orc wizard's attack.
The hound bites you but does no damage. The orc hits you with a +0 hand axe.
The scorpion barely misses you. You block the jackal's attack.
The orc wizard hits you but does no damage.
You block the hound's attack.
You barely miss the scorpion.
The scorpion is almost dead.
You hit the orc. You hit the orc wizard. You hit the jackal but do no damage.
You closely miss the hound.
The orc wizard hits you but does no damage.
The hound barely misses you. The scorpion stings you.
You are more poisoned.
The scorpion poisons you! The orc hits you but does no damage.
The jackal misses you.
The orc wizard hits you with a +0 dagger.
You block the hound's attack.
The jackal bites you but does no damage.
The scorpion stings you.
You are more poisoned.
The scorpion poisons you!
You are too injured to fight recklessly!
You are too injured to fight recklessly!
You are too injured to fight recklessly!
You are too injured to fight recklessly!
You are too injured to fight recklessly!
You are too injured to fight recklessly!
You are too injured to fight recklessly!
You are too injured to fight recklessly!
You are too injured to fight recklessly!
You are too injured to fight recklessly!
You are too injured to fight recklessly!
You are too injured to fight recklessly!
You are too injured to fight recklessly!
You are too injured to fight recklessly!
You fail to use your ability.
You feel sick. The jackal barely misses you.
The orc hits you but does no damage.
The orc wizard hits you but does no damage.
The hound stops to sniff the ground.
You block the hound's attack. The scorpion stings you.
* * * LOW HITPOINT WARNING * * *
You are too injured to fight recklessly!
You are too injured to fight recklessly!
You are too injured to fight recklessly!
You are too injured to fight recklessly!
You are too injured to fight recklessly!
You are too injured to fight recklessly!
You are too injured to fight recklessly!
You are too injured to fight recklessly!
You are too injured to fight recklessly!
You are too injured to fight recklessly!
You fail to use your ability.
You feel sick.
The orc wizard hits you but does no damage.
The hound bites you but does no damage. The orc barely misses you.
The orc wizard points at you and mumbles some strange words.
The magic dart hits you.
You die...

#.##.......# *,..##. ,
, * ..###..##.##
##.....,... , ,
#..#..#†#..###....#
[.. ...............#
,...#,
........###....# ....
, ........##...#.#
#..# ,
........#....#!# #...#
,
#.##...........##h..#
,,
...#...........h@so# ,
,
............##.hoo..#*
......#.....##..h.o.#
.#(...#.....###..##.#,
, , .#..........
#....... ,
.#.#.##..... ..###.>..
, ...#####... ### *
.... , ..### *#... ...
....###... * * **


You could see a scorpion, a hound, an orc wizard (fast), 3 orcs and 3 jackals.

Vanquished Creatures
  5 adders
  A worm (D:2)
  A dart slug (D:2)
  A giant cockroach (D:4)
  A goblin (D:2)
  2 hobgoblins (D:2)
  A kobold (D:3)
  2 quokkas (D:2)
14 creatures vanquished.

Notes
Turn   | Place    | Note
-------+----------+-------------------------------------------
     0 | D:1      | EnegeticOcto the Deep Dwarf Fighter began the quest for the
                  | Orb.
     0 | D:1      | Reached XP level 1. HP: 20/20 MP: 1/1
    74 | D:2      | Reached XP level 2. HP: 21/27 MP: 2/2
   101 | D:2      | Reached XP level 3. HP: 15/33 MP: 3/3
   201 | D:4      | Noticed a scorpion
   209 | D:4      | Killed from afar by an orc wizard

Illustrated notes

Levels and vault maps discovered:
D:1:      psy_arrival_spokes, layout_loops_ring
D:2:      layout_loops_ring
D:3:      layout_basic, minmay_misc_feat_pillars, minmay_misc_feat_plants,
          minmay_snake_closets
D:4:      layout_cave_pools, minmay_temple_entry_offerings, uniq_blork_the_orc

Skill      XL: |  1  2  3 |
---------------+----------+-----
Axes           | 3 |  3.4
Fighting       | 3 |  3.1
Armour         | |  3.7
Shields        | |  3.7

Action                   || total
-------------------------++-------
Melee: War axe           ||    63
 Abil: Heal Wounds       ||     1
Armor: Scale mail        ||    36
Dodge: Dodged            ||    31
Block: Kite shield       ||    39

Table legend: (Time is in decaauts)
 A = Elapsed time spent in this place.
 B = Non-inter-level travel time spent in this place.
 C = Inter-level travel time spent in this place.
 D = Time resting spent in this place.
 E = Time spent auto-exploring this place.
 F = Levels seen in this place.
 G = Mean time per level.
                   A        B        C        D        E       F      G
               +--------+--------+--------+--------+--------+-----+--------+
         Total |    235 |    221 |     14 |      0 |     96 |   4 |   58.8 |
       Dungeon |    235 |    221 |     14 |      0 |     96 |   4 |   58.8 |
               +--------+--------+--------+--------+--------+-----+--------+

Top non-repeatable levels by time:
     D:2: 119 daAuts
     D:4: 79 daAuts
     D:3: 32 daAuts
     D:1: 3 daAuts
